 Dungeon Crawl Stone Soup version 0.17-a0-1149-ga0dc056 (webtiles) character file.

203 AnnoyedKobold the Covert (level 5, 0/25 HPs)
             Began as a Spriggan Assassin on May 27, 2015.
             Slain by an orc
             ... wielding a +0 war axe
              (11 damage)
             ... on level 3 of the Dungeon.
             The game lasted 00:07:37 (3323 turns).

AnnoyedKobold the Covert (Spriggan Assassin)        Turns: 3323, Time: 00:07:37

Health: 0/25       AC:  3    Str:  7    XL:     5   Next: 51%
Magic:  6/6        EV: 17    Int: 13    God:
Gold:   94         SH:  0    Dex: 18    Spells: 0 memorised, 4 levels left

rFire  . . .     SeeInvis +     p - +2 dagger (holy)
rCold  . . .     Clarity  .     c - +0 robe
rNeg   . . .     SustAt   .     (shield restricted)
rPois  .         Gourm    .     (helmet restricted)
rElec  .         Spirit   .     d - +0 cloak
rCorr  .         Warding  .     (gloves unavailable)
rMut   .         Stasis   .     (boots unavailable)
MR     .....                    (no amulet)
Stlth  ++++++....               (no ring)
                                o - ring of stealth

@: very quick, not resistant to hostile enchantments, very stealthy
A: unfitting armour, see invisible, herbivore 3, speed 3, slow metabolism 2
a: no special abilities


You were on level 3 of the Dungeon.
You were not hungry.

You visited 1 branch of the dungeon, and saw 4 of its levels.

You collected 94 gold pieces.

Inventory:

Hand weapons
 b - a +0 blowgun
 p - a +2 dagger of holy wrath (weapon)
Missiles
 e - 7 poisoned needles
 f - 2 curare-tipped needles
Armour
 c - a +0 robe (worn)
 d - a +0 cloak (worn)
Jewellery
 o - a ring of stealth (left hand)
Magical devices
 l - a wand of disintegration (7)
Scrolls
 a - a scroll of teleportation {unknown}
 j - 3 scrolls of random uselessness {unknown}
 k - a scroll of enchant weapon {unknown}
 n - a scroll of immolation {unknown}
 q - a scroll of recharging {unknown}
 r - a scroll of remove curse {unknown}
Potions
 h - 2 potions of curing
 i - a potion of heal wounds
Comestibles
 g - 2 bread rations
 m - 2 royal jellies


   Skills:
 - Level 1.5 Fighting
 + Level 4.0 Short Blades
 - Level 2.2 Throwing
 - Level 1.5 Dodging
 + Level 8.3 Stealth


You had 4 spell levels left.
You didn't know any spells.

Dungeon Overview and Level Annotations

Branches:
Dungeon (4/15)
 Temple: D:4-7

Altars:
Kikubaaqudgha


Innate Abilities, Weirdness & Mutations

You are tiny and cannot use many weapons and most armour.
You have supernaturally acute eyesight.
You are a herbivore.
You cover ground extremely quickly.
You need consume almost no food.


Message History

You kill the gnoll!
The rat misses you. The orc closely misses you. The rat closely misses you.
You see here a spear.
You hit the rat.
You kill the rat!
You hit the orc.
The orc is lightly wounded.
You closely miss the orc.
The orc is lightly wounded.
The orc hits you but does no damage.
You hit the orc but do no damage.
The orc is lightly wounded.
The orc barely misses you.
You hit the orc but do no damage.
The orc is lightly wounded.
You closely miss the orc.
The orc is lightly wounded.
The orc hits you with a war axe!
You die...

#.........
##o######. #g# ##
#######.#.# ..
......#.#.# #
#...#.# ##
######...#.## ..
........#[..# ..
######.†@#..# .#
#.....o#..####. .#
#.#............ .#
#.#.#.##.######
.##########[#.#.# .#
.†........#.....# (#
##.######....#..##.#
#.######........#.#
#.#.......##.##.#.#


You could see an orc.

Vanquished Creatures
  A centaur skeleton (D:4)
  4 gnolls
  2 river rats (D:2)
  6 adders
  A worm (D:2)
  2 giant geckos
  2 ball pythons
  4 bats
  5 goblins
  6 hobgoblins
  5 jackals
  7 kobolds
  A quokka (D:2)
  3 giant cockroaches
  7 giant newts
  A quokka skeleton (D:3)
  5 rats
  A plant (D:2)
63 creatures vanquished.

Notes
Turn   | Place    | Note
--------------------------------------------------------------
     0 | D:1      | AnnoyedKobold the Spriggan Assassin began the quest for the Orb.
     0 | D:1      | Reached XP level 1. HP: 10/10 MP: 2/2
   104 | D:1      | Reached skill level 6 in Stealth
   351 | D:1      | Reached XP level 2. HP: 12/14 MP: 3/3
   474 | D:1      | Reached skill level 1 in Short Blades
   954 | D:2      | Reached XP level 3. HP: 5/18 MP: 4/4
  1559 | D:2      | Reached skill level 7 in Stealth
  1661 | D:2      | Found an ancient bone altar of Kikubaaqudgha.
  1711 | D:2      | Reached XP level 4. HP: 13/22 MP: 5/5
  2758 | D:3      | Reached XP level 5. HP: 20/25 MP: 6/6
  2915 | D:3      | Reached skill level 8 in Stealth
  3323 | D:3      | Slain by an orc

Vault maps used:
D:1:      sevenhm_arrival_forest_fort_large_2
D:2:      wad_woods_stonehenge
D:3:      first_bread
D:4:      trog_butcher_becter

Action                   |  1- 3 |  4- 6 || total
-------------------------+-------+-------++-------
Melee: Dagger            |   212 |   117 ||   329
 Fire: Blowgun           |    10 |     6 ||    16
Evoke: Wand              |       |     2 ||     2
  Use: Scroll            |       |     4 ||     4
 Stab: Sleeping          |     8 |    10 ||    18
       Distracted        |       |     1 ||     1
  Eat: Royal jelly       |       |     1 ||     1
